Workbook

Sheet ANEXO I PLAN
A7: ANXOI - PLANILHA ORÇAMENTÁRIA
A8: OBRA: CONSTRUÇÃO DE ESCOLA(S) MUNICIPAL:____________________.
A9: LOCAL DA OBRA:___________________________________.
A11: ITEM | B11: CÓDIGO | C11: DESCRIÇÃO | D11: UNID. | E11: QUANT. | F11: PREÇO
F12: UNITÁRIO SEM BDI | G12: UNITÁRIO COM BDI | H12: TOTAL S/ BDI | I12: TOTAL C/ BDI
A14: 1000000 | C14: SERVIÇOS PRELIMINARES
A15: 1001000 | B15: SEDOP 011340 | C15: PLACA DA OBRA EM LONA COM PLOTAGEM GRÁFICA | D15: m² | E15: 6.16
A16: 1002000 | B16: SEDOP 010009 | C16: LOCAÇÃO DA OBRA A TRENA | D16: m² | E16: 189.85
A17: 2000000 | C17: MOVIMENTO DE TERRA
A18: 2001000 | B18: SEDOP 30010 | C18: ESCAVAÇÃO MANUAL ATÉ 1.50 m DE PROFUNDIDADE (BLOCOS E VIGAS) | D18: m³ | E18: 13.81
A19: 2002000 | B19: SEDOP 030011 | C19: ATERRO COM MATERIAL FORA DA OBRA, INCL. APILOAMENTO | D19: m³ | E19: 3.77
A20: 3000000 | C20: FUNDAÇÃO
A21: 3001000 | B21: SEDOP 040283 | C21: BLOCO EM CONCRETO ARMADO PARA FUNDAÇÃO (INCL. FÔRMA) | D21: m³ | E21: 2.88
A22: 3002000 | B22: SEDOP 040284 | C22: BALDRAME EM CONCRETO ARMADO COM CINTA DE AMARRAÇÃO | D22: m³ | E22: 3.45
A23: 4000000 | C23: ESTRUTURA
A24: 4001000 | B24: SEDOP 050729 | C24: CONCRETO ARMADO FCK=20MPA COM FÔRMA MAD. BRANCA (PILARES E VIGAS DE AMARRAÇÃO) | D24: m² | E24: 6.8
A25: 5000000 | C25: IMPERMEABILIZAÇÃO | D25: M2
A26: 5001000 | B26: SEDOP 080293 | C26: IMPERMEABILIZAÇÃO PARA BALDRAME (IGOL 2 + SIKA 1) | D26: m² | E26: 57.45
A27: 6000000 | C27: PAREDES E PAINÉIS | D27: M2
A28: 6001000 | B28: SINAPI 87478 | C28: ALVENARIA DE VEDAÇÃO DE BLOCOS CERÂMICOS DE 9X19X39CM E ARGAMASSA DE ASSENTAMENTO COM PREPARO MANUAL | D28: m² | E28: 241.19
A29: 6002000 | B29: SINAPI 93183 | C29: VERGAS PRÉ-MOLDADAS PARA JANELAS COM MAIS DE 1,50M DE VÃO. | D29: m | E29: 15.9
A30: 6003000 | B30: SINAPI 93184 | C30: VERGAS PRÉ-MOLDADAS PARA PORTAS COM ATÉ 1,50M DE VÃO. | D30: m | E30: 7.5
A31: 7000000 | C31: REVESTIMENTO | D31: M2
A32: 7001000 | B32: SEDOP 110143 | C32: CHAPISCO DE CIMENTO E AREIA NO TRAÇO 1:3 | D32: m² | E32: 291.24
A33: 7002000 | B33: SEDOP 110763 | C33: REBOCO COM ARGAMASSA 1:6:ADIT. PLAST. | D33: m² | E33: 195.39
A34: 7003000 | B34: SEDOP 110644 | C34: REVESTIMENTO CERÂMICO PADRÃO MÉDIO | D34: m² | E34: 95.85
A35: 7004000 | B35: SEDOP 110762 | C35: EMBOÇO COM ARGAMASSA 1:6:ADIT. PLAST. | D35: m² | E35: 95.85
A36: 8000000 | C36: PISOS
A37: 8001000 | B37: SEDOP 130507 | C37: CAMADA IMPERMEABILIZADORA E=10CM C/ SEIXO | D37: m² | E37: 110.55
A38: 8002000 | B38: SEDOP 130110 | C38: CAMADA REGULARIZADORA | D38: m² | E38: 110.55
A39: 8003000 | B39: SEDOP 130492 | C39: CALÇADA(INCL. ALICERCE, BALDRME E CONCRETO C/ JUNTA SECA | D39: m² | E39: 55.4
A40: 8004000 | B40: SEDOP 130119 | C40: LAJOTA CERAMICA - PEI IV - (PADRÃO MÉDIO), SENDO ANTIDERRAPANTE PARA OS BANHEIROS | D40: m² | E40: 110.55
A41: 9000000 | C41: INSTALAÇÕES
A42: 9100000 | C42: INSTALAÇÃO ELÉTRICA
A43: 9101000 | B43: SINAPI 93128 | C43: PONTO ILUMINAÇÃO RESIDENCIAL INCLUINDO INTERRUPTOR SIMPLES, CAIXA ELÉTRICA, ELETRODUTO, CABO, RASGO, QUEBRA E CHUMBAMENTO. ( EXCLUINDO LUMINÁRIA E LAMPADA). AF 01/2016 | D43: UND | E43: 25
A44: 9102000 | B44: SINAPI 93143 | C44: PONTO DE TOMADA RESIDENCIAL INCLUINDO TOMADA 20A/250V, CAIXA ELÉTRICA, ELETRODUTO, CABO, RASGO, QUEBRA E CHUMBAMENTO. AF_01/2016. | D44: UND | E44: 17
A45: 9103000 | B45: SEDOP 170321 | C45: CENTRO DE DISTRIBUIÇÃO PARA 12 DISJUNTORES COM BARRAMENTO | D45: UND | E45: 1
A46: 9104000 | B46: SEDOP 171164 | C46: HASTE DE AÇO COBREADA 5/8"x2,40m C/ CONECTOR | D46: UND | E46: 5
A47: 9105000 | B47: SEDOP 250732 | C47: VENTILADOR DE TETO | D47: UND | E47: 6
A48: 9106000 | B48: SEDOP 170073 | C48: QUADRO DE MEDIÇÃO BIFÁSICO (C/ DISJUNTOR) | D48: UND | E48: 1
A49: 9107000 | B49: SEDOP 180680 | C49: CAIXA DE PASSAGEM DE ALVENARIA 40x40x40cm C/ TAMPA DE CONCRETO | D49: UND | E49: 1
A50: 9108000 | B50: SEDOP 171092 | C50: ELETRODUTO FºGº 3/4" | D50: M | E50: 145
A51: 9109000 | B51: SEDOP 171017 | C51: ELETRODUTO FºGº 1" | D51: M | E51: 10
A52: 9110000 | B52: SEDOP 171175 | C52: ISOLADOR DE PLASTICO, TIPO ROLDANA, D= 72x72MM, PARA USO EM BAIXA TESÃO. | D52: UND | E52: 30
A53: 9111000 | B53: CÓD. 0001 | C53: LUMINÁRIA DE EMBUTIR, PAINEL LED 24W | D53: UND | E53: 22
A54: 9112000 | B54: CÓD. 0002 | C54: LUMINÁRIA DE EMBUTIR, PAINEL LED 18W | D54: UND | E54: 3
A55: 9200000 | C55: INSTALAÇÃO HIDROSSANITÁRIA
A56: 9201000 | B56: SEDOP 180214 | C56: PONTOS DE ESGOTO (INCL. TUBOS, CONEXÕES, CAIXA E RALOS) | D56: PTS | E56: 12
A57: 9202000 | B57: SEDOP 180299 | C57: PONTOS DE ÁGUA FRIA (INCL. TUBOS E CONEXÕES) | D57: PTS | E57: 18
A58: 9203000 | B58: SINAPI 98068 | C58: TANQUE SÉPTICO RETANGULAR, EM ALVENARIA COM TIJOLOS CERÂMICOS MACIÇOS, DIMENSÕES INTERNAS: 1,6 X 4,4 X 1,8 M, VOLUME ÚTIL: 9856 L (PARA 32 CONTRIBUINTES) | D58: UND | E58: 1
A59: 9204000 | B59: SEDOP 180543 | C59: SUMIDOURO EM ALVENARIA C/TOPO EM CONCRETO - CAP = 50 PESSOAS. | D59: UND | E59: 1
A60: 9205000 | B60: SINAPI 98102 | C60: CAIXA DE GORDURA SIMPLES, CIRCULAR, EM CONCRETO PRÉ-MOLDADO, DIÂMETRO INTERNO = 0,4 M, ALTURA INTERNA = 0,4 M. AF_05/2018 | D60: UND | E60: 1
A61: 9206000 | B61: SINAPI 97976 | C61: POÇO DE INSPEÇÃO CIRCULAR PARA ESGOTO, EM ALVENARIA COM TIJOLOS CERÂMICOS MACIÇOS, DIÂMETRO INTERNO = 0,6 M, PROFUNDIDADE = 1 M, EXCLUINDO TAMPÃO | D61: UND | E61: 4
A62: 9207000 | B62: SEDOP 180461 | C62: RESERVATÓRIO EM POLIETILENO DE 1.000 L | D62: UND | E62: 1
A63: 10000000 | C63: FORRO
A64: 10001000 | B64: SEDOP 140348 | C64: BARROTEAMENTO EM MADEIRA DE LEI P/ FORRO PVC. | D64: m² | E64: 110.55
A65: 10002000 | B65: SEDOP 141336 | C65: FORRO EM LAMBRI DE PVC. | D65: m² | E65: 110.55
A66: 11000000 | C66: ESQUADRIAS
A67: 11001000 | B67: SEDOP 090065 | C67: ESQUADRIA MAD. E=3CM C/ CAIX. ADUELA E ALIZAR. | D67: m² | E67: 10.5
A68: 11002000 | B68: SINAPI 94573 | C68: JANELA DE ALUMÍNIO DE CORRER COM VIDROS E FERRAGENS, PADRONIZADA. | D68: m² | E68: 12.15
A69: 11003000 | B69: SEDOP 90822 | C69: PORTÃO DE FERRO EM METALOM (INCL. PINTURA ANTI CORROSIVA) | D69: m² | E69: 16.58
A70: 11004000 | B70: SEDOP 90825 | C70: GRADE DE FERRO EM METALOM (INCL. PINTURA ANTI CORROSIVA) | D70: m² | E70: 7.84
A71: 12000000 | C71: PINTURA
A72: 12001000 | B72: SINAPI 88487 | C72: APLICAÇÃO MANUAL DE PINTURA COM TINTA LÁTEX PVA EM PAREDES, DUAS DEMÃOS. | D72: m² | E72: 195.39
A73: 12002000 | B73: SEDOP 150252 | C73: PVA EXTERNA SEM MASSA, COM LIQUIDO PREPARADO. | D73: m² | E73: 195.39
A74: 13000000 | C74: LOUÇAS E METAIS
A75: 13001000 | B75: SEDOP 190090 | C75: BACIA SIFONADA DE LOUÇA C/ ASSENTO | D75: UND | E75: 2
A76: 13002000 | B76: SEDOP 190375 | C76: LAVATÓRIO DE LOUÇA, C/ COLUNA, TORNEIRA, SIFÃO E VALVULA. | D76: UND | E76: 2
A77: 13003000 | B77: SEDOP 190238 | C77: PIA 01 CUBA EM AÇO INOX C/TORN.,SIFAO E VALV.(1,50M) | D77: UND | E77: 1
A78: 13004000 | B78: SEDOP 190218 | C78: CHUVEIRO EM PVC. | D78: UND | E78: 2
A79: 14000000 | C79: COBERTURA
A80: 14001000 | B80: SEDOP 070053 | C80: ESTRUTURA EM MADEIRA DE LEI P/ TELHA DE FIBROCIMENTO - PÇ APARELHADA | D80: M² | E80: 189.85
A81: 14002000 | B81: SEDOP 070047 | C81: COBERTURA - TELHA FIBROCIMENTO E=6mm | D81: M² | E81: 189.85
A82: 14003000 | B82: SEDOP 080028 | C82: DESCUPINIZAÇÃO | D82: M² | E82: 189.85
A83: 14004000 | B83: SEDOP 080783 | C83: MANTA PARA SUB COBERTURA E=5mm | D83: M² | E83: 189.85
A84: 15000000 | C84: COMBATE A INCENDIO
A85: 15001000 | B85: SEDOP 241468 | C85: PLACA DE SINALIZAÇÃO FOTOLUMINOSCENTE | D85: UND | E85: 8
A86: 15002000 | B86: SEDOP 201507 | C86: EXTINTOR DE INCÊNDIO ABC - 6 KG | D86: UND | E86: 2
A87: 16000000 | C87: DIVERSOS
A88: 16001000 | B88: SEDOP 190716 | C88: BARRA EM AÇO - PNE | D88: M | E88: 3
A89: 16002000 | B89: SEDOP 270220 | C89: LIMPEZA GERAL E ENTREGA DA OBRA | D89: M² | E89: 189.85
A90: 16003000 | B90: SEDOP 260188 | C90: MASTRO FO.GO. SOBRE BASE DE CONCRETO - 3 UM | D90: CJ | E90: 1
A91: 16004000 | B91: SEDOP 260651 | C91: MURETA EM ALVENARIA, REBOCADA E PINTADA 2 FACES (H=1.0m) | D91: M | E91: 110
A92: 16005000 | B92: SEDOP 261526 | C92: CERCA COM MOURÃO EM CONCRETO E TELA DE ARAME GALVANIZADO h=2,0m | D92: M | E92: 110
A93: TOTAL GERAL

Sheet ANEXO II CRON
A7: ANEXO II - CRONOGRAMA FÍSICO-FINANCEIRO
A8: ='ANEXO I PLAN'!A8 -> OBRA: CONSTRUÇÃO DE ESCOLA(S) MUNICIPAL:____________________.
A9: ='ANEXO I PLAN'!A9 -> LOCAL DA OBRA:___________________________________.
A11: ITEM | B11: DISCRIMINAÇÃO DOS SERVIÇOS | C11: UNID. | D11: % | E11: DIAS | F11: DIAS | G11: DIAS | H11: DIAS
E12: 30 | F12: 60 | G12: 90 | H12: 120
A13: 1000000 | B13: SERVIÇOS PRELIMINARES | C13: ='ANEXO I PLAN'!I14 -> 0
A15: 2000000 | B15: MOVIMENTO DE TERRA | C15: ='ANEXO I PLAN'!I17 -> 0
A17: 3000000 | B17: FUNDAÇÃO | C17: ='ANEXO I PLAN'!I20 -> 0
A19: 4000000 | B19: ESTRUTURA | C19: ='ANEXO I PLAN'!I23 -> 0
A21: 5000000 | B21: IMPERMEABILIZAÇÃO | C21: ='ANEXO I PLAN'!I25 -> 0
A23: 6000000 | B23: PAREDES E PAINÉIS | C23: ='ANEXO I PLAN'!I27 -> 0
A25: 7000000 | B25: REVESTIMENTO | C25: ='ANEXO I PLAN'!I31 -> 0
A27: 8000000 | B27: PAVIMENTAÇÃO | C27: ='ANEXO I PLAN'!I36 -> 0
A29: 9000000 | B29: INSTALAÇÕES | C29: ='ANEXO I PLAN'!I41 -> 0
A31: 10000000 | B31: FORRO | C31: ='ANEXO I PLAN'!I63 -> 0
A33: 11000000 | B33: ESQUADRIAS | C33: ='ANEXO I PLAN'!I66 -> 0
A35: 12000000 | B35: PINTURA | C35: ='ANEXO I PLAN'!I71 -> 0
A37: 13000000 | B37: LOUÇAS E METAIS | C37: ='ANEXO I PLAN'!I74 -> 0
A39: 14000000 | B39: COBERTURA | C39: ='ANEXO I PLAN'!I79 -> 0
A41: 15000000 | B41: COMBATE A INCENDIO | C41: ='ANEXO I PLAN'!I84 -> 0
A43: 16000000 | B43: DIVERSOS | C43: ='ANEXO I PLAN'!I87 -> 0
A45: TOTAL | C45: =SUM(C13:C44) -> 0
A46: PARCIAL SIMPLES R$
A47: PERCENTUAIS SIMPLES %
A48: PARCIAIS ACUMULADOS R$
A49: PERCENTUAIS ACUMULADOS %

Sheet ORÇAMENTO SIMPLES
A7: LOCAL DA OBRA: RODOVIA TRANSAMAZÔNICA KM 17 - COMUNIDADE BOA VISTA | D7: DATA LEVANTAMENTO: 28/05/2019
A9: LEVANTAMENTO DE METRAGEM DE SERVIÇOS
A10: ITEM | B10: DISCRIMINAÇÃO DOS SERVIÇOS | C10: UNID | D10: QUANT | E10: PREÇO | F10: TOTAL
A12: 1.0
A13: 1.1 | B13: PLACA DA OBRA EM LONA COM PLOTAGEM GRÁFICA | C13: m² | D13: =#REF! -> #REF!
A14: 1.4 | B14: LOCAÇÃO DA OBRA A TRENA | C14: m² | D14: =#REF! -> #REF!
A15: 2.0 | B15: MOVIMENTO DE TERRA:
A16: 2.1 | B16: Escavação manual ate 1.50m de profundidade (Blocos e viga) | C16: m³ | D16: 9.15
A17: 2.2 | B17: Aterro c/ material fora da obra, incl. Apiloamento | C17: m³ | D17: 2.74
A18: 3.0 | B18: FUNDAÇÃO:
A19: 3.1 | B19: Bloco em concreto armado p/ fundaçao (incl. forma) | C19: m³ | D19: =#REF! -> #REF!
A20: 3.2 | B20: Baldrame em concreto armado c/ cinta de amarração | C20: m³ | D20: =#REF! -> #REF!
A21: 4.0 | B21: ESTRUTURA:
A22: 4.1 | B22: Concreto armado fck=25MPA c/ forma mad. branca | C22: m³ | D22: 5.72
A23: 5.0 | B23: IMPERMEABILIZAÇÃO:
A24: 5.1 | B24: Impermeabilização rebaixos banho./coz.(tinta asfaltica) (bloco e baldrame) | C24: m² | D24: 61.26
A25: 6.0 | B25: PAREDES E PAINEIS
A26: 6.2 | B26: ALVENARIA DE VEDAÇÃO DE BLOCOS CERÂMICOS DE 9X19X39CM E ARGAMASSA DE ASSENTAMENTO COM PREPARO MANUAL | C26: m² | D26: =#REF! -> #REF!
A27: 6.3 | B27: VERGAS PRÉ-MOLDADAS PARA JANELAS COM MAIS DE 1,50M DE VÃO. | C27: m | D27: =#REF! -> #REF!
A28: 6.4 | B28: VERGAS PRÉ-MOLDADAS PARA PORTAS COM ATÉ 1,50M DE VÃO. | C28: m | D28: =#REF! -> #REF!
A29: 7.0 | B29: REVESTIMENTO:
A30: 7.1 | B30: CHAPISCO DE CIMENTO E AREIA NO TRAÇO 1:3 | C30: m² | D30: =#REF! -> #REF!
A31: 7.2 | B31: REBOCO COM ARGAMASSA 1:6:ADIT. PLAST. | C31: m² | D31: =#REF! -> #REF!
A32: 7.3 | B32: AZULEJO BRANCO ASSENTADO A PRUMO NO TRAÇO 1:5:1 | C32: m² | D32: =#REF! -> #REF!
A33: 8.0 | B33: PAVIMENTAÇÃO:
A34: 8.1 | B34: CAMADA IMPERMEABILIZADORA E=10CM C/ SEIXO | D34: =#REF! -> #REF!
A35: 8.3 | B35: CIMENTADO QUEIMADO | C35: m² | D35: =#REF! -> #REF!
A36: 8.4 | B36: CALÇADA(INCL. ALICERCE, BALDRME E CONCRETO C/ JUNTA SECA | C36: m² | D36: =#REF! -> #REF!
A37: 8.2 | B37: LAJOTA CERAMICA - PEI IV - (PADRÃO MÉDIO) | C37: m² | D37: =#REF! -> #REF!
A38: 9.0 | B38: INSTALAÇÕES:
A39: 9.1 | B39: ELÉTRICA:
A40: 9.1.1 | B40: PONTO ILUMINAÇÃO RESIDENCIAL INCLUINDO INTERRUPTOR SIMPES, CAIXA ELÉTRICA, ELETRODUTO, CABO, RASGO, QUEBRA E CHUMBAMENTO. ( EXCLUINDO LUMINÁRIA E LAMPADA). AF 01/2016 | C40: UND | D40: =#REF! -> #REF!
A41: 9.1.2 | B41: PONTO DE TOMADA RESIDENCIAL INCLUINDO TOMADA 20A/250V, CAIXA ELÉTRICA, ELETRODUTO, CABO, RASGO, QUEBRA E CHUMBAMENTO. AF_01/2016. | C41: UND | D41: =#REF! -> #REF!
A42: 9.1.4 | B42: QUADRO DE DISTRIBUIÇÃO DE ENERGIA DE EMBUTIR, EM CHAPA METÁLICA, PARA 50 DISJUNTORES TERMOMAGNETICOS MONOPOLARES, COM BARRAMENTO TRIFÁSICO E NEUTRO, FORNECIMENTO E INSTALAÇÃO. | C42: UND | D42: =#REF! -> #REF!
A43: 9.1.5 | B43: HASTE DE AÇO COBREADA 5/8"x2,40m C/ CONECTOR | C43: UND | D43: =#REF! -> #REF!
A44: 9.1.6 | B44: VENTILADOR DE TETO | C44: UND | D44: =#REF! -> #REF!
A45: 9.1.7 | B45: QUADRO DE MEDIÇÃO TRIFÁSICO (C/ DISJUNTOR) | C45: UND | D45: =#REF! -> #REF!
A46: 9.1.8 | B46: =#REF! -> #REF! | C46: UND | D46: =#REF! -> #REF!
A47: 9.1.9 | B47: =#REF! -> #REF! | C47: M | D47: =#REF! -> #REF!
A48: 9.1.10 | B48: =#REF! -> #REF! | C48: M | D48: =#REF! -> #REF!
A49: 9.1.11 | B49: =#REF! -> #REF! | C49: UND | D49: =#REF! -> #REF!
A50: 9.2 | B50: HIDROSANITÁRIA:
A51: 9.2.1 | B51: PONTOS DE ESGOTO (INCL. TUBOS, CONEXÕES, CAIXA E RALOS) | C51: PTS | D51: =#REF! -> #REF!
A52: 9.2.2 | B52: PONTOS DE ÁGUA FRIA (INCL. TUBOS E CONEXÕES) | C52: PTS | D52: =#REF! -> #REF!
A53: 8.2.3 | B53: FOSSA SÉPTICA EM ALVENARIA DE TIJOLO CERÂMICO MACIÇO, DIMENSÕES EXTERNAS DE 1,90X1,10X1,40 M, VOLUME DE 1.500 LITROS, REVESTIDO INTERNAMENTECOM MASSA ÚNICA E IMPERMEABILIZANTE E COM TAMPA DE CONCRETO ARMADO COM ESPESSURA DE 8 CM. | C53: UND | D53: =#REF! -> #REF!
A54: 8.2.4 | B54: SUMIDOURO EM ALVENARIA DE TIJOLO CERAMICO MACIÇO DIAMETRO 1,40M E ALTURA 5,00M, COM TAMPA EM CONCRETO ARMADO DIAMETRO 1,60M E ESPESSURA 10CM. | C54: UND | D54: =#REF! -> #REF!
A55: 9.2.5 | B55: CAIXA DE GORDURA SIMPLES EM CONCRETO PRE-MOLDADO DN 40MM COM TAMPA - FORNECIMENTO E INSTALACAO | C55: UND | D55: =#REF! -> #REF!
A56: 9.2.6 | B56: CAIXA DE INSPEÇÃO EM ALVENARIA DE TIJOLO MACIÇO 60X60X60CM, REVESTIDA INTERNAMENTO COM BARRA LISA (CIMENTO E AREIA, TRAÇO 1:4) E=2,0CM, COM TAMPA PRÉ-MOLDADA DE CONCRETO E FUNDO DE CONCRETO 15MPA TIPO C | C56: UND | D56: =#REF! -> #REF!
A57: 10.0 | B57: FORRO:
A58: 10.1 | B58: BARROTEAMENTO EM MADEIRA DE LEI P/ FORRO PVC. | C58: m² | D58: =#REF! -> #REF!
A59: 10.2 | B59: FORRO EM LAMBRI DE PVC, FRISADO, BRANCO, RÉGUA DE 20 CM. | C59: m² | D59: =#REF! -> #REF!
A60: 11.0 | B60: ESQUADRIAS:
A61: 11.1 | B61: PORTA MAD. COMPENSA. C/ CAIX. ADUELA E ALIZAR | C61: m² | D61: =#REF! -> #REF!
A62: 11.2 | B62: JANELA DE ALUMÍNIO DE CORRER COM VIDROS E FERRAGENS | C62: m² | D62: =#REF! -> #REF!
A63: 12.0 | B63: PINTURA:
A64: 11.1 | B64: APLICAÇÃO MANUAL DE PINTURA COM TINTA LÁTEX PVA EM PAREDES, DUAS DEMÃOS. | C64: m² | D64: 346
A65: 12.2 | B65: PVA EXTERNA SEM MASSA, COM LIQUIDO PREPARADO. | C65: m² | D65: =#REF! -> #REF!
A66: 13.0 | B66: LOUÇAS E METAIS:
A67: 13.1 | B67: BACIA SANITÁRIA (VASO) COM CAIXA ACOPLADA,DE LOUÇA BRANCA. | C67: UND | D67: =#REF! -> #REF!
A68: 13.2 | B68: LAVATÓRIO DE LOUÇA, C/ COLUNA, TORNEIRA, SIFÃO E VALVULA. | C68: UND | D68: 2
A69: 13.3 | B69: Pia 01 cuba em aço inox c/torn.,sifao e valv.(1,50m) | C69: UND | D69: 3
A70: 13.4 | B70: Chuveiro em PVC | C70: UND | D70: 2
A71: 14.0 | B71: COBERTURA:
A72: 14.1 | B72: COBERTURA - TELHA ALUMINIO TRAPEZOIDAL E= 0,5MM | C72: m² | D72: =#REF! -> #REF!
A73: 14.2 | B73: ESTRUTURA METÁLICA P/ COBERTURA - (INCL. PINTURA ANTI-CORROSIVA) | C73: m² | D73: =#REF! -> #REF!
A74: 14.3 | B74: ESTRUTURA EM MADEIRA DE LEI P/ TELHA DE FIBROCIMENTO - PÇ APARELHADA | C74: m² | D74: =#REF! -> #REF!
A75: 14.4 | B75: TELHA DE FIBROCIMENTO ONDULADA E = 8 MM, DE 3,66 X 1,10 M (SEM AMIANTO) | C75: m² | D75: =#REF! -> #REF!
A76: 14.5 | B76: Descupinização | C76: m² | D76: =#REF! -> #REF!
A77: 15.0 | B77: COMBATE INCENDIO:
A78: 15.1 | B78: Placa de sinalização fotoluminoscente | C78: UND | D78: 8
A79: 15.2 | B79: Extintor de incêndio (pó químico) - 12 kg | C79: UND | D79: 2
A80: 16.0 | B80: DIVERSOS:
A81: 16.1 | B81: BARRA EM AÇO - PNE | C81: m² | D81: =#REF! -> #REF!
A82: 16.4 | B82: TELA DE ACO SOLDADA NERVURADA CA-60 | C82: m² | D82: =#REF! -> #REF!
A83: 16.5 | B83: MASTRO FO.GO. SOBRE BASE DE CONCRETO | C83: CJ | D83: =#REF! -> #REF!

Sheet ANEXO III BDI
A6: ANEXO III - DEMONSTRATIVO DE BDI
A7: LOTE: _______________________________.
A8: OBRA: | B8: CONSTRUÇÃO DA ESCOLA MUNICIPAL:__________________________.
A9: Cálculo do BDI Fórmula e parâmetros estabelecidos pelo Acórdão 2622/2013 - TCU - Plenário
A11: DEMONSTRATIVO BDI | F11: LIMITE RECOMENDADOS
A12: ITENS | C12: SIGLAS | D12: VALORES | F12: INFERIOR | G12: SUPERIOR
A13: TAXA DE RATEIO DA ADMINISTRAÇÃO CENTRAL | C13: AC | D13: 0.03 | F13: 0.03 | G13: 0.055
A14: TAXA DE GARANTIA DO EMPREENDIMENTO | C14: G | D14: 0.004 | F14: 0.004 | G14: 0.005
A15: TAXA DE SEGURO | C15: S | D15: 0.004 | F15: 0.004 | G15: 0.005
A16: TAXA DE RISCO | C16: R | D16: 0.0097 | F16: 0.0097 | G16: 0.0127
A17: Sub-Total | D17: =SUM(D13:D16) -> 0.0477
A18: TAXA DE DESPESAS FINANCEIRAS | C18: DF | D18: 0.006 | F18: 0.0059 | G18: 0.0139
A19: TAXA DE LUCRO | C19: L | D19: 0.063 | F19: 0.0616 | G19: 0.0896
A20: TAXA DE TRIBUTOS | B20: PIS (geralmente 0,65%) | C20: I | D20: 0.0065 | F20: VARIÁVEL
B21: COFINS (geralmente 3,00%) | D21: 0.03
B22: ISS (legislação municipal) | D22: 0.05
B23: CPRB (INSS) | D23: 0.045
A24: TAXA TOTAL DE IMPOSTO I | D24: =SUM(D20:D23) -> 0.1315
A26: BDI RESULTANTE | D26: =((1+D17)*(1+D18)*(1+D19)/(1-D24)-1) -> 0.29002571 | F26: 0.25 | G26: 0.3
A28: Fórmula para o cálculo do B.D.I. ( benefícios e despesas indiretas )
A29: BDI = ((1+AC+S+R+G)(1+DF)(1+L)/(1-I))-1
